 Dungeon Crawl Stone Soup version 0.29.1-12-g30fa7ad0bf (webtiles) character file.

Game seed: 4464585222817284479

7 raph the Caller (level 1, 0/10 HPs)
             Began as a Deep Elf Summoner on Dec 22, 2022.
             Slain by a bat (1 damage)
             ... on level 2 of the Dungeon.
             The game lasted 00:00:43 (429 turns).

raph the Caller (Deep Elf Summoner)                  Turns: 429, Time: 00:00:44

Health: 0/10       AC:  2    Str:  5    XL:     1   Next: 83%
Magic:  5/6        EV: 12    Int: 19    God:
Gold:   0          SH:  0    Dex: 15    Spells: 5/6 levels left

rFire   . . .      SeeInvis .   e - +0 dagger
rCold   . . .      Faith    .   (no shield)
rNeg    . . .      Spirit   .   a - +0 robe
rPois   .          Reflect  .   (no helmet)
rElec   .          Harm     .   (no cloak)
rCorr   .          Rampage  .   (no gloves)
Will    .....                   (no boots)
Stlth   ++........              (no amulet)
HPRegen 0.03/turn               (no ring)
MPRegen 0.10/turn               (no ring)

@: no status effects
A: no striking features
a: no special abilities


You were on level 2 of the Dungeon.
You visited 1 branch of the dungeon, and saw 2 of its levels.

Inventory:

Hand Weapons
 e - a +0 dagger (weapon)
Armour
 a - a +0 robe (worn)
Potions
 b - a potion of magic
 c - a potion of ambrosia {unknown}
 d - a potion of heal wounds {unknown}
 f - a potion of curing {unknown}


   Skills:
 - Level 2.4 Dodging
 - Level 2.4 Stealth
 - Level 3.0 Spellcasting
 + Level 4.8 Summonings


You had 5 spell levels left.
You knew the following spells:

 Your Spells              Type           Power      Damage    Failure   Level
a - Summon Small Mammal   Summ           84%        N/A       1%          1

Your spell library contained the following spells:

 Spells                   Type           Power      Damage    Failure   Level
 Call Imp                 Summ           21%        N/A       3%          2
 Call Canine Familiar     Summ           21%        N/A       6%          3
 Summon Guardian Golem    Hex/Summ       12%        N/A       17%         3
 Summon Lightning Spire   Summ/Air       12%        N/A       50%         4


Dungeon Overview and Level Annotations

Branches:
Dungeon (1/15)

Altars:

Shops:
D:2 [


Message History

Your bat closely misses the bat.
Your quokka misses the bat. The bat hits your bat.
The goblin hits you with a +0 club. The bat barely misses your quokka.
Your bat closely misses the bat.
Your quokka bites the bat but does no damage.
You hit the goblin but do no damage. Your bat hits the bat. The bat misses you.
Your quokka barely misses the goblin.
The goblin hits you with a +0 club.
You closely miss the goblin. The bat closely misses you.
Your bat closely misses the bat.
Your quokka closely misses the goblin.
Your bat closely misses the goblin.
The goblin hits you with a +0 club.
* * * LOW HITPOINT WARNING * * *
Your bat closely misses the bat.
Your bat hits the goblin. The bat barely misses you.
Your quokka misses the bat.
The goblin hits your quokka with a +0 club.
The bat attacks as you move away! The bat barely misses you.
Your bat closely misses the bat.
The bat misses you.
Your bat closely misses the bat.
Your bat closely misses the bat.
The bat hits you but does no damage. The bat attacks as you move away!
The bat hits you but does no damage. The bat hits you.
* * * LOW HITPOINT WARNING * * *
Your bat closely misses the bat.
The bat misses your quokka. The bat attacks as you move away!
The bat closely misses you. The bat barely misses you.
The bat attacks as you move away! The bat closely misses you.
The goblin attacks as you move away! The goblin barely misses you.
The bat closely misses you. The bat closely misses you.
Your quokka barely misses the goblin.
The bat barely misses you.
Your bat misses the bat. The goblin attacks as you move away!
The goblin hits you but does no damage. The bat hits you but does no damage.
The bat hits your bat but does no damage.
The goblin barely misses your bat.
Your bat barely misses the bat.
The bat closely misses you. The bat attacks as you move away!
The bat closely misses you.
Your bat misses the bat.
Your bat closely misses the goblin.
The bat hits you but does no damage. The bat hits your quokka.
The bat attacks as you move away! The bat barely misses you.
Your bat hits the goblin. The bat hits you.
You die...

#.# .............
###.#######. ...........
#........... J........
#....#.#############.......
#..###.#...................
#. #.....................
..
######................... .
...........rb......#+#+##
######.†@b.g....∩..#
...........###..#.....b
...........)....#......
............####.........
.#.#######.#.. ..#.......
... ................ ##
##.#.###.#....... #....
....#+# .. .


You could see a goblin, a bat (ally target), a friendly quokka (summoned) and a
friendly bat (summoned).

Vanquished Creatures
  A hobgoblin (D:1)
1 creature vanquished.

Vanquished Creatures (collateral kills)
  An endoplasm (D:2)
  A goblin (D:2)
  A hobgoblin (D:2)
  A frilled lizard (D:1)
  A rat (D:1)
5 creatures vanquished.

Vanquished Creatures (others)
  3 plants (D:2)
3 creatures vanquished.

Grand Total: 9 creatures vanquished

Notes
Turn   | Place    | Note
-------+----------+-------------------------------------------
     0 | D:1      | raph the Deep Elf Summoner began the quest for the Orb.
     0 | D:1      | Reached XP level 1. HP: 10/10 MP: 6/6
   232 | D:1      | You fall into a shaft and drop 1 floor!
   402 | D:2      | Found Piem's Antique Armour Shoppe.
   429 | D:2      | Slain by a bat

Illustrated notes

Levels and vault maps discovered:
D:1:      dpeg_arrival_tiny_g, layout_loops_ring,
          chequers_ecumenical_altar_simple_redux, serial_shops, shop
D:2:      layout_basic, serial_shops, shop, serial_bayou_lagoon_a

Action                   || total
-------------------------++-------
Melee: Dagger            ||    11
       Unarmed           ||     2
 Cast: Summon Small Mamm ||     8
Armor: Robe              ||     9
Dodge: Dodged            ||    26
